 Dungeon Crawl Stone Soup version 0.22-a0-40-g3d2f077 (webtiles) character file.

2992 tidbits the Reanimator (level 9, 66/66 HPs)
             Began as a Gnoll Necromancer on Jan 4, 2018.
             Quit the game on level 5 of the Dungeon.
             The game lasted 00:21:37 (2487 turns).

tidbits the Reanimator (Gnoll Necromancer)          Turns: 2487, Time: 00:21:38

Health: 66/66      AC:  6    Str: 11    XL:     9   Next: 83%
Magic:  19/19      EV: 16    Int: 21    God:
Gold:   111        SH:  0    Dex: 17    Spells: 5/21 levels left

rFire    . . .     SeeInvis .   a - +1 flail (protect)
rCold    + . .     Gourm    +   (no shield)
rNeg     . . .     Faith    .   B - +0 robe
rPois    .         Spirit   .   (helmet restricted)
rElec    .         Reflect  .   C - +0 cloak
rCorr    .         Harm     .   G - +2 pair of gloves
MR       .....                  (no boots)
Stlth    ++++......             m - amulet of the gourmand
HPRegen  0.21/turn              h - ring of protection from fire
MPRegen  0.16/turn              F - ring of ice

@: no status effects
A: distributed training, antennae 1, fangs 1, talons 1, thin skeletal structure
1, MP-powered wands, strong nose
a: no special abilities


You were on level 5 of the Dungeon.
You were hungry.

You visited 1 branch of the dungeon, and saw 8 of its levels.

You collected 410 gold pieces.
You spent 299 gold pieces at shops.

Inventory:

Hand Weapons
 a - a +1 flail of protection (weapon)
   (You took it off an orc priest on level 6 of the Dungeon)
 d - a +0 dagger
 i - a +5 short sword of protection
   (You took it off Duvessa on level 6 of the Dungeon)
 j - a +0 short sword
 n - a +0 falchion
 o - a +0 hunting sling
 p - a +0 trident
 z - a +3 battleaxe
 D - a +0 long sword
 H - a +2 quarterstaff of chaos
   (You took it off Crazy Yiuf on level 5 of the Dungeon)
 J - a +0 scythe
 L - a cursed +5 long sword
 N - a +0 hand crossbow
Missiles
 g - 43 arrows
 M - 2 tomahawks (quivered)
 Q - a throwing net {!f}
Armour
 e - a +0 ring mail
 r - a -2 leather armour
 B - a +0 robe (worn)
 C - a +0 cloak (worn)
 G - a +2 pair of gloves (worn)
 K - a +0 pair of gloves
Jewellery
 h - a ring of protection from fire (left hand)
   (You found it on level 1 of the Dungeon)
 m - an amulet of the gourmand (around neck)
   (You found it on level 2 of the Dungeon)
 F - a ring of ice (right hand)
   (You found it on level 5 of the Dungeon)
Wands
 x - a wand of polymorph (12)
 E - a wand of iceblast (5)
 P - a wand of random effects (7)
 R - a wand of flame (1)
Scrolls
 f - 6 scrolls of teleportation
 k - 2 scrolls of fear
 v - 2 scrolls of remove curse
 y - 2 scrolls of amnesia
 A - 2 scrolls of fog
 S - a scroll of noise
Potions
 l - 2 potions of curing {unknown}
 q - a potion of invisibility
 s - 2 potions of brilliance
 t - 2 potions of cancellation
 u - a potion of agility
 I - a potion of haste
 O - a potion of heal wounds
Books
 b - a book of Necromancy

   Spells                             Type                      Level
   a - Pain                           Necromancy                   1
   b - Animate Skeleton               Necromancy                   1
   c - Vampiric Draining              Necromancy                   3
   d - Regeneration                   Charms/Necromancy            3
   e - Animate Dead                   Necromancy                   4
   f - Borgnjor's Vile Clutch         Necromancy/Earth             5
 w - a book of Minor Magic
   (You found it on level 6 of the Dungeon)

   Spells                             Type                      Level
   a - Magic Dart                     Conjuration                  1
   b - Blink                          Translocation                2
   c - Call Imp                       Summoning                    2
   d - Slow                           Hexes                        2
   e - Conjure Flame                  Conjuration/Fire             3
   f - Mephitic Cloud                 Conjuration/Poison/Air       3
Comestibles
 c - 8 rations


   Skills:
 + Level 4.5 Fighting
 + Level 4.5 Short Blades
 + Level 4.5 Long Blades
 + Level 4.5 Axes
 + Level 4.5 Maces & Flails
 + Level 4.5 Polearms
 + Level 4.5 Staves
 + Level 4.5 Slings
 + Level 4.5 Bows
 + Level 4.5 Crossbows
 + Level 4.5 Throwing
 + Level 4.5 Armour
 + Level 6.5 Dodging
 + Level 6.2 Stealth
 + Level 4.5 Shields
 + Level 4.5 Unarmed Combat
 + Level 6.8 Spellcasting
 + Level 3.7 Conjurations
 + Level 3.7 Hexes
 + Level 3.7 Charms
 + Level 3.7 Summonings
 + Level 8.1 Necromancy
 + Level 3.7 Translocations
 + Level 3.7 Transmutations
 + Level 3.7 Fire Magic
 + Level 3.7 Ice Magic
 + Level 3.7 Air Magic
 + Level 3.7 Earth Magic
 + Level 3.7 Poison Magic
 + Level 5.0 Invocations
 + Level 4.5 Evocations


You had 5 spell levels left.
You knew the following spells:

 Your Spells              Type           Power        Failure   Level  Hunger
a - Pain                  Necr           ####         1%          1    None
c - Conjure Flame         Conj/Fire      ###.....     6%          3    #......
d - Vampiric Draining     Necr           #####.....   1%          3    #......
n - Animate Skeleton      Necr           N/A          1%          1    None
r - Regeneration          Chrm/Necr      ####......   2%          3    #......
v - Borgnjor's Vile Clut  Necr/Erth      ####......   22%         5    #####..


Dungeon Overview and Level Annotations

Branches:
Dungeon (8/15)
 Temple: D:4-7         Lair: D:8-11

Altars:
Kikubaaqudgha
Makhleb
Sif Muna
Vehumet
Yredelemnul
The Shining One

Shops:
D:4 *   D:7 !

Annotations:
D:8 Erica


Innate Abilities, Weirdness & Mutations

Your experience applies equally to all skills.
You have very sharp teeth.
Your uncanny sense of smell can sniff out nearby items.
You have a pair of small antennae on your head.
You have sharp toenails.
You have a somewhat thin skeletal structure. (Dex +2, Stealth)
You expend magic power (3 MP) to strengthen your wands.


Message History

Your Stealth skill increases to level 6!
Your Necromancy skill increases to level 8!
The zombie hands constrict the hog! x2; The hog completely misses you.
The hog bites you.
* * * LOW HITPOINT WARNING * * *
The hog struggles to escape constriction. x2
You hit the hog but do no damage.
The hog is severely wounded.
The zombie hands constrict the hog!
You kill the hog!
The zombie hands constrict the hog.
You kill the hog!
The zombie hands constrict the hog.
You kill the hog!
The zombie hands constrict the hog.
You kill the hog!
There is an open door here.
You see here a hog corpse.
You see here a scroll of teleportation.
f - 7 scrolls of teleportation (gained 1)
There is an open door here.
You see here a hog corpse.
You see here 2 rations.
c - 5 rations (gained 2)
You see here 2 rations.
c - 7 rations (gained 2)
Casting: Borgnjor's Vile Clutch
Confirm with . or Enter, or press ? or * to list all spells.
Your skin crawls.
You see here a ration.
c - 8 rations (gained 1)
Things that are here:
a hand axe; an animal skin You see here a hog corpse.
Okay, then.
There is an open door here.
Your skin is crawling a little less now.
Your skin stops crawling.
There is a stone staircase leading up here.
You climb upwards.
There is a stone staircase leading down here.
Your magical contamination has completely faded away.
Found a scroll of fog.
You see here a scroll of fog.
A - 2 scrolls of fog (gained 1)
There is a stone staircase leading up here.
You climb upwards.
There is a stone staircase leading down here.
As you read the scroll of teleportation, it crumbles to dust.
You feel strangely unstable.
Your surroundings suddenly seem different.
There is a stone staircase leading up here.
A sky beast comes into view.
The helpless sky beast fails to defend itself.
You hit the sky beast but do no damage.
Your weapon exudes an aura of protection.
Your kick misses the sky beast. The sky beast misses you.
You miss the sky beast. You claw the sky beast.
You bite the sky beast, but do no damage.
The sky beast is moderately wounded.
The sky beast hits you but does no damage.
You closely miss the sky beast. Your kick misses the sky beast.
The sky beast is moderately wounded.
The sky beast misses you.
You barely miss the sky beast.
The sky beast is moderately wounded.
The sky beast barely misses you.
You hit the sky beast.
Your weapon exudes an aura of protection.
Your kick misses the sky beast.
The sky beast is moderately wounded.
The sky beast closely misses you.
You barely miss the sky beast. Your kick misses the sky beast.
The sky beast is moderately wounded.
The sky beast closely misses you.
You sock the sky beast! You claw the sky beast. You bite the sky beast.
The sky beast is almost dead.
You are feeling hungry.
The sky beast completely misses you. The sky beast barely misses you.
You barely miss the sky beast.
The sky beast is almost dead.
The sky beast hits you but does no damage.
You barely miss the sky beast.
You bite the sky beast, but do no damage.
The sky beast is almost dead.
The sky beast flickers out of sight!
Something closely misses you.
You closely miss something. Your kick misses something. You bite something.
Something hits you but does no damage.
You thump something!
Your weapon exudes an aura of protection.
Your Invocations skill increases to level 5!
You feel a bit more experienced.
You see here a sky beast corpse.
Found a stone staircase leading up.
There is a stone staircase leading up here.
There is a stone staircase leading up here.
Welcome back, tidbits the Gnoll Necromancer.
Press ? for a list of commands and other information.
Unknown command.
Are you sure you want to abandon this character and quit the game? (Confirm with "yes".)

##.## ##†##
##.### #.
##..###....
##.....#
#.#####
##.# #.##
##@# ##.##
#.<# ##.##
#..# #.##
###


There were no monsters in sight!

Vanquished Creatures
  Sigmund (D:5)
  4 hogs (D:7)
  A hungry ghost (D:7)
  A human (D:7)
  A water moccasin (D:5)
  Duvessa (D:6)
  3 sky beasts (D:5)
  2 ice beasts
  A necrophage (D:6)
  An orc warrior (D:6)
  A big kobold (D:7)
  Blork the orc (D:5)
  2 bullfrogs (D:6)
  A scorpion (D:6)
  Dowan (D:6)
  5 wights (D:6)
  2 crimson imps
  A howler monkey (D:5)
  4 orc priests (D:6)
  2 hounds
  2 jellies
  2 orc wizards (D:6)
  An iguana (D:4)
  Crazy Yiuf (D:5)
  A worker ant (D:4)
  A worker ant zombie (D:5)
  4 adders
  An ooze (D:7)
  2 worms
  2 dart slugs (D:1)
  A leopard gecko (D:3)
  4 orcs
  2 ball pythons
  8 bats
  3 giant cockroaches
  6 hobgoblins
  A jackal (D:3)
  8 kobolds
  4 quokkas
  5 frilled lizards
  A jackal skeleton (D:6)
  8 rats
104 creatures vanquished.

Vanquished Creatures (collateral kills)
  A water moccasin (D:6)
  A quokka (D:6)
2 creatures vanquished.

Grand Total: 106 creatures vanquished

Notes
Turn   | Place    | Note
-------+----------+-------------------------------------------
     0 | D:1      | tidbits the Gnoll Necromancer began the quest for the Orb.
     0 | D:1      | Reached XP level 1. HP: 13/13 MP: 6/6
    72 | D:1      | Reached XP level 2. HP: 12/19 MP: 0/7
    75 | D:1      | Learned a level 1 spell: Animate Skeleton
   388 | D:3      | Reached skill level 5 in Spellcasting
   388 | D:3      | Reached XP level 3. HP: 8/25 MP: 2/9
   442 | D:2      | Learned a level 3 spell: Vampiric Draining
   447 | D:2      | Learned a level 3 spell: Regeneration
   526 | D:2      | Reached skill level 1 in Invocations
   742 | D:2      | Reached skill level 1 in Fighting
   742 | D:2      | Reached skill level 1 in Short Blades
   742 | D:2      | Reached skill level 1 in Long Blades
   742 | D:2      | Reached skill level 1 in Axes
   742 | D:2      | Reached skill level 1 in Maces & Flails
   742 | D:2      | Reached skill level 1 in Polearms
   742 | D:2      | Reached skill level 1 in Staves
   742 | D:2      | Reached skill level 1 in Slings
   742 | D:2      | Reached skill level 1 in Bows
   742 | D:2      | Reached skill level 1 in Crossbows
   742 | D:2      | Reached skill level 1 in Throwing
   742 | D:2      | Reached skill level 1 in Armour
   742 | D:2      | Reached skill level 1 in Shields
   742 | D:2      | Reached skill level 1 in Unarmed Combat
   742 | D:2      | Reached skill level 1 in Evocations
   742 | D:2      | Reached XP level 4. HP: 29/32 MP: 8/11
  1024 | D:4      | Found Lusewion's General Store.
  1032 | D:4      | Bought a potion of heal wounds for 50 gold pieces
  1032 | D:4      | Bought a scroll of identify for 20 gold pieces
  1032 | D:4      | Bought a scroll of fog for 20 gold pieces
  1032 | D:4      | Bought a potion of brilliance for 40 gold pieces
  1062 | D:4      | Found a glowing golden altar of the Shining One.
  1063 | D:4      | Found an ancient bone altar of Kikubaaqudgha.
  1092 | D:4      | Reached skill level 1 in Conjurations
  1092 | D:4      | Reached skill level 1 in Hexes
  1092 | D:4      | Reached skill level 1 in Charms
  1092 | D:4      | Reached skill level 1 in Summonings
  1092 | D:4      | Reached skill level 1 in Translocations
  1092 | D:4      | Reached skill level 1 in Transmutations
  1092 | D:4      | Reached skill level 1 in Fire Magic
  1092 | D:4      | Reached skill level 1 in Ice Magic
  1092 | D:4      | Reached skill level 1 in Air Magic
  1092 | D:4      | Reached skill level 1 in Earth Magic
  1092 | D:4      | Reached skill level 1 in Poison Magic
  1106 | D:4      | Reached XP level 5. HP: 18/37 MP: 5/12
  1118 | D:4      | Found a deep blue altar of Sif Muna.
  1118 | D:4      | Found a basalt altar of Yredelemnul.
  1131 | D:5      | Entered Level 5 of the Dungeon
  1146 | D:5      | Noticed a sky beast
  1173 | D:5      | Killed a sky beast
  1173 | D:5      | Reached XP level 6. HP: 27/44 MP: 7/13
  1193 | D:6      | Learned a level 3 spell: Conjure Flame
  1204 | D:6      | Reached skill level 2 in Invocations
  1210 | D:6      | Noticed an orc warrior
  1239 | D:5      | Noticed Sigmund
  1242 | D:5      | Noticed Blork the orc
  1264 | D:5      | You fall through a shaft!
  1271 | D:6      | Reached skill level 5 in Dodging
  1359 | D:6      | Reached skill level 2 in Fighting
  1359 | D:6      | Reached skill level 2 in Short Blades
  1359 | D:6      | Reached skill level 2 in Long Blades
  1359 | D:6      | Reached skill level 2 in Axes
  1359 | D:6      | Reached skill level 2 in Maces & Flails
  1359 | D:6      | Reached skill level 2 in Polearms
  1359 | D:6      | Reached skill level 2 in Staves
  1359 | D:6      | Reached skill level 2 in Slings
  1359 | D:6      | Reached skill level 2 in Bows
  1359 | D:6      | Reached skill level 2 in Crossbows
  1359 | D:6      | Reached skill level 2 in Throwing
  1359 | D:6      | Reached skill level 2 in Armour
  1359 | D:6      | Reached skill level 2 in Shields
  1359 | D:6      | Reached skill level 2 in Unarmed Combat
  1359 | D:6      | Reached skill level 2 in Evocations
  1366 | D:6      | Noticed a necrophage
  1376 | D:6      | Killed a necrophage
  1411 | D:5      | Found a runed door.
  1415 | D:5      | Noticed Crazy Yiuf
  1419 | D:5      | Killed Crazy Yiuf
  1449 | D:5      | Noticed a sky beast
  1452 | D:5      | Killed a sky beast
  1452 | D:5      | Reached XP level 7. HP: 13/50 MP: 11/15
  1461 | D:5      | Learned a level 5 spell: Borgnjor's Vile Clutch
  1483 | D:5      | Reached skill level 2 in Conjurations
  1483 | D:5      | Reached skill level 2 in Hexes
  1483 | D:5      | Reached skill level 2 in Charms
  1483 | D:5      | Reached skill level 2 in Summonings
  1483 | D:5      | Reached skill level 2 in Translocations
  1483 | D:5      | Reached skill level 2 in Transmutations
  1483 | D:5      | Reached skill level 2 in Fire Magic
  1483 | D:5      | Reached skill level 2 in Ice Magic
  1483 | D:5      | Reached skill level 2 in Air Magic
  1483 | D:5      | Reached skill level 2 in Earth Magic
  1483 | D:5      | Reached skill level 2 in Poison Magic
  1518 | D:5      | Reached skill level 5 in Stealth
  1518 | D:5      | Reached skill level 3 in Invocations
  1595 | D:5      | Killed Sigmund
  1595 | D:5      | Reached skill level 3 in Fighting
  1595 | D:5      | Reached skill level 3 in Short Blades
  1595 | D:5      | Reached skill level 3 in Long Blades
  1595 | D:5      | Reached skill level 3 in Axes
  1595 | D:5      | Reached skill level 3 in Maces & Flails
  1595 | D:5      | Reached skill level 3 in Polearms
  1595 | D:5      | Reached skill level 3 in Staves
  1595 | D:5      | Reached skill level 3 in Slings
  1595 | D:5      | Reached skill level 3 in Bows
  1595 | D:5      | Reached skill level 3 in Crossbows
  1595 | D:5      | Reached skill level 3 in Throwing
  1595 | D:5      | Reached skill level 3 in Armour
  1595 | D:5      | Reached skill level 3 in Shields
  1595 | D:5      | Reached skill level 3 in Unarmed Combat
  1595 | D:5      | Reached skill level 3 in Evocations
  1595 | D:5      | Reached XP level 8. HP: 46/58 MP: 2/16
  1601 | D:5      | Killed Blork the orc
  1625 | D:6      | Reached skill level 6 in Spellcasting
  1757 | D:6      | Reached skill level 3 in Conjurations
  1757 | D:6      | Reached skill level 3 in Hexes
  1757 | D:6      | Reached skill level 3 in Charms
  1757 | D:6      | Reached skill level 3 in Summonings
  1757 | D:6      | Reached skill level 3 in Translocations
  1757 | D:6      | Reached skill level 3 in Transmutations
  1757 | D:6      | Reached skill level 3 in Fire Magic
  1757 | D:6      | Reached skill level 3 in Ice Magic
  1757 | D:6      | Reached skill level 3 in Air Magic
  1757 | D:6      | Reached skill level 3 in Earth Magic
  1757 | D:6      | Reached skill level 3 in Poison Magic
  1757 | D:6      | Reached skill level 4 in Invocations
  1815 | D:6      | Reached skill level 6 in Dodging
  1815 | D:6      | Reached XP level 9. HP: 16/65 MP: 0/18
  1955 | D:7      | Found Anisoa's Distillery.
  1963 | D:7      | Bought a potion of heal wounds for 65 gold pieces
  1963 | D:7      | Bought a potion of mutation for 104 gold pieces
  1963 | D:7      | Gained mutation: You have sharp toenails. [potion of mutation]
  1963 | D:7      | Gained mutation: Your spells are a little easier to cast, but a little less powerful. [potion of mutation]
  1963 | D:7      | Gained mutation: You expend magic power (3 MP) to strengthen your wands. [potion of mutation]
  1963 | D:7      | Gained mutation: You have a somewhat thin skeletal structure. (Dex +2, Stealth) [potion of mutation]
  1964 | D:7      | Lost mutation: Your spells are a little easier to cast, but a little less powerful. [potion of mutation]
  1964 | D:7      | Gained mutation: You have a pair of small antennae on your head. [potion of mutation]
  2043 | D:6      | Noticed Duvessa
  2043 | D:6      | Noticed Dowan
  2051 | D:6      | Killed Dowan
  2054 | D:6      | Killed Duvessa
  2054 | D:6      | Reached skill level 4 in Fighting
  2054 | D:6      | Reached skill level 4 in Short Blades
  2054 | D:6      | Reached skill level 4 in Long Blades
  2054 | D:6      | Reached skill level 4 in Axes
  2054 | D:6      | Reached skill level 4 in Maces & Flails
  2054 | D:6      | Reached skill level 4 in Polearms
  2054 | D:6      | Reached skill level 4 in Staves
  2054 | D:6      | Reached skill level 4 in Slings
  2054 | D:6      | Reached skill level 4 in Bows
  2054 | D:6      | Reached skill level 4 in Crossbows
  2054 | D:6      | Reached skill level 4 in Throwing
  2054 | D:6      | Reached skill level 4 in Armour
  2054 | D:6      | Reached skill level 4 in Shields
  2054 | D:6      | Reached skill level 4 in Unarmed Combat
  2054 | D:6      | Reached skill level 4 in Evocations
  2158 | D:8      | Noticed Erica
  2172 | D:7      | Found a burning altar of Makhleb.
  2173 | D:7      | Found a radiant altar of Vehumet.
  2283 | D:7      | Reached skill level 6 in Stealth
  2283 | D:7      | Reached skill level 8 in Necromancy
  2468 | D:5      | Reached skill level 5 in Invocations
  2487 | D:5      | Quit the game

Vault maps used:
D:1:      roderic_chinese_lattice_arrival
D:3:      first_ration, minmay_quantized
D:4:      amethyst_overflow_temple_binary,
          chequers_temple_overflow_statue_of_worship, serial_shops, shop,
          uniq_ijyb, uniq_pikel
D:5:      minmay_temple_entry_hall, uniq_crazy_yiuf_cottage, uniq_sigmund,
          uniq_blork_the_orc
D:6:      hangedman_abyss_or_decor_passed, uniq_duvessa, uniq_edmund
D:7:      grunt_temple_overflow_lords_of_destruction, serial_shops,
          nicolae_shop_waterfront, grunt_livestock, bh_walls_and_bars
D:8:      old_standard_altar, nicolae_ossuary_entry_giza, serial_undead,
          serial_undead_d, serial_undead_b, serial_undead_a, serial_undead_b,
          serial_undead_a, serial_undead_c, serial_undead_c, uniq_erica

Skill      XL: |  1  2  3  4  5  6  7  8  9 |
---------------+----------------------------+-----
Spellcasting   | 5 6 |  6.8
Invocations    | 1 2 3 4 5 |  5.0
Fighting       | 1 2 3 4 |  4.5
Short Blades   | 1 2 3 4 |  4.5
Long Blades    | 1 2 3 4 |  4.5
Axes           | 1 2 3 4 |  4.5
Maces & Flails | 1 2 3 4 |  4.5
Polearms       | 1 2 3 4 |  4.5
Staves         | 1 2 3 4 |  4.5
Slings         | 1 2 3 4 |  4.5
Bows           | 1 2 3 4 |  4.5
Crossbows      | 1 2 3 4 |  4.5
Throwing       | 1 2 3 4 |  4.5
Armour         | 1 2 3 4 |  4.5
Shields        | 1 2 3 4 |  4.5
Unarmed Combat | 1 2 3 4 |  4.5
Evocations     | 1 2 3 4 |  4.5
Conjurations   | 1 2 3 |  3.7
Hexes          | 1 2 3 |  3.7
Charms         | 1 2 3 |  3.7
Summonings     | 1 2 3 |  3.7
Translocations | 1 2 3 |  3.7
Transmutations | 1 2 3 |  3.7
Fire Magic     | 1 2 3 |  3.7
Ice Magic      | 1 2 3 |  3.7
Air Magic      | 1 2 3 |  3.7
Earth Magic    | 1 2 3 |  3.7
Poison Magic   | 1 2 3 |  3.7
Dodging        | 5 6 |  6.5
Stealth        | 5 6 |  6.2
Necromancy     | 8 |  8.1

Action                   |  1- 3 |  4- 6 |  7- 9 || total
-------------------------+-------+-------+-------++-------
Melee: Dagger            |     5 |    11 |     5 ||    21
       Bite              |       |     3 |    15 ||    18
       Flail             |       |     4 |    98 ||   102
       Trident           |       |       |     6 ||     6
       Punch             |       |       |     4 ||     4
       Kick              |       |       |    14 ||    14
 Cast: Pain              |    59 |    46 |    24 ||   129
       Regeneration      |     1 |     1 |     7 ||     9
       Vampiric Draining |       |     3 |     3 ||     6
       Animate Skeleton  |       |     3 |     4 ||     7
       Borgnjor's Vile C |       |       |     6 ||     6
       Conjure Flame     |       |       |     1 ||     1
Evoke: Wand              |       |     1 |     6 ||     7
  Use: Scroll            |       |     3 |     8 ||    11
       Potion            |       |       |     6 ||     6
 Stab: Sleeping          |     3 |     4 |     5 ||    12
       Distracted        |       |       |     1 ||     1
  Eat: Chunk             |       |     2 |     1 ||     3
       Ration            |       |       |     3 ||     3
Armor: Robe              |     4 |    10 |    42 ||    56
Dodge: Dodged            |     8 |    27 |   108 ||   143

Table legend:
 A = Spawn XP
 B = Non-spawn XP
 C = Spawn XP percentage of total XP
 D = Spawn monster count
 E = Non-spawn monster count
 F = Spawn count percentage of total count
 G = Total turns spent on level
                    A         B        C        D         E        F      G
               +---------+---------+-------+---------+---------+-------+---------
         Total |       0 |    4275 |   0.0 |       0 |     106 |   0.0 |  2487
               +---------+---------+-------+---------+---------+-------+---------
           D:1 |       0 |      26 |   0.0 |       0 |      14 |   0.0 |   314
           D:2 |       0 |      67 |   0.0 |       0 |      19 |   0.0 |   463
           D:3 |       0 |      25 |   0.0 |       0 |      13 |   0.0 |   244
           D:4 |       0 |      72 |   0.0 |       0 |       2 |   0.0 |   110
           D:5 |       0 |    1177 |   0.0 |       0 |      15 |   0.0 |   396
           D:6 |       0 |    1543 |   0.0 |       0 |      30 |   0.0 |   548
           D:7 |       0 |    1365 |   0.0 |       0 |      13 |   0.0 |   403
               +---------+---------+-------+---------+---------+-------+---------

Table legend:
 A = Turns spent in this place as a percentage of turns spent in the entire game.
 B = Non-inter-level travel turns spent in this place as a percentage of non-inter-level travel turns spent in the entire game.
 C = Inter-level travel turns spent in this place as a percentage of turns spent in this place.
 D = Turns resting spent in this place as a percentage of non-inter-level travel turns spent in this place.
 E = Turns spent auto-exploring this place as a percentage of non-inter-level travel turns spent in this place.
 F = Non-inter-level travel turns spent in this place divided by the number of levels of this place that you've seen.
                   A       B       C       D       E      F
               +-------+-------+-------+-------+-------+----------------------
         Total | 100.0 | 100.0 |   1.1 |   0.0 |   0.0 | 307.5
       Dungeon | 100.0 | 100.0 |   1.1 |   0.0 |   0.0 | 307.5
               +-------+-------+-------+-------+-------+----------------------

Table legend:
 A = Kills in this place as a percentage of kills in entire the game.
 B = Kills by you in this place as a percentage of kills by you in the entire game.
 C = Kills by friends in this place as a percentage of kills by friends in the entire game.
 D = Other kills in this place as a percentage of other kills in the entire game.
 E = Experience gained in this place as a percentage of experience gained in the entire game.
 F = Experience gained in this place divided by the number of levels of this place that you have seen.
                   A       B       C       D       E      F
               +-------+-------+-------+-------+-------+----------------------
         Total | 100.0 | 100.0 | 100.0 |   N/A | 100.0 | 534.4
       Dungeon | 100.0 | 100.0 | 100.0 |   N/A | 100.0 | 534.4
               +-------+-------+-------+-------+-------+----------------------

Vault maps used:
D:1:      roderic_chinese_lattice_arrival
D:3:      first_ration, minmay_quantized
D:4:      amethyst_overflow_temple_binary,
          chequers_temple_overflow_statue_of_worship, serial_shops, shop,
          uniq_ijyb, uniq_pikel
D:5:      minmay_temple_entry_hall, uniq_crazy_yiuf_cottage, uniq_sigmund,
          uniq_blork_the_orc
D:6:      hangedman_abyss_or_decor_passed, uniq_duvessa, uniq_edmund
D:7:      grunt_temple_overflow_lords_of_destruction, serial_shops,
          nicolae_shop_waterfront, grunt_livestock, bh_walls_and_bars
D:8:      old_standard_altar, nicolae_ossuary_entry_giza, serial_undead,
          serial_undead_d, serial_undead_b, serial_undead_a, serial_undead_b,
          serial_undead_a, serial_undead_c, serial_undead_c, uniq_erica
